[ PARTIDA AOE2 · #465993708 ]
UnrankedBengalíes vs Berbers
[ ANÁLISIS DE REPETICIÓN · EXTRAÍDO DE LA PARTIDA GRABADA ]
Feudal
7:42
Castillos
9:30
Imperial
19:27
| APM promedio | 21.2 |
| APM pico | 58 |
| eAPM promedio | 20.0 |
| Aldeanos / militares | 94 / 1296 |
Foco
⚔️ 58.7% · 🌾 41.3%
Battle Elephant ×941 · Ratha (Ranged) ×241 · Spearman ×95 · Trade Cart ×92 · Armored Elephant ×15 · Fishing Ship ×13
Feudal
6:41
Castillos
8:44
Imperial
19:44
| APM promedio | 35.5 |
| APM pico | 120 |
| eAPM promedio | 34.7 |
| Aldeanos / militares | 289 / 2156 |
Foco
⚔️ 32.8% · 🌾 67.2%
Militia ×851 · Spearman ×503 · Camel Scout ×432 · Hand Cannoneer ×134 · Scorpion ×128 · Trade Cart ×113
Feudal
7:03
Castillos
9:26
Imperial
18:40
| APM promedio | 59.1 |
| APM pico | 128 |
| eAPM promedio | 48.4 |
| Aldeanos / militares | 217 / 2923 |
Foco
⚔️ 40.4% · 🌾 59.6%
Spearman ×1773 · Knight ×599 · Hand Cannoneer ×193 · Skirmisher ×123 · Trade Cart ×119 · Mangonel ×73
Feudal
7:11
Castillos
9:15
Imperial
17:49
| APM promedio | 36.7 |
| APM pico | 101 |
| eAPM promedio | 31.1 |
| Aldeanos / militares | 247 / 1516 |
Foco
⚔️ 23.9% · 🌾 76.1%
Camel Archer ×532 · Camel Scout ×473 · Militia ×327 · Scorpion ×95 · Trade Cart ×91 · Bombard Cannon ×35
Feudal
6:49
Castillos
8:41
Imperial
17:40
| APM promedio | 39.6 |
| APM pico | 105 |
| eAPM promedio | 37.2 |
| Aldeanos / militares | 321 / 2666 |
Foco
⚔️ 33.9% · 🌾 66.1%
Spearman ×1528 · Elephant Archer ×280 · Scout Cavalry ×276 · Militia ×205 · Trade Cart ×155 · Ratha (Ranged) ×96
Feudal
7:05
Castillos
9:04
Imperial
23:37
| APM promedio | 35.5 |
| APM pico | 93 |
| eAPM promedio | 31.3 |
| Aldeanos / militares | 478 / 2839 |
Foco
⚔️ 41.1% · 🌾 58.9%
Spearman ×910 · Knight ×617 · Steppe Lancer ×551 · Kipchak ×299 · Trade Cart ×258 · Militia ×159
Feudal
6:24
Castillos
9:43
Imperial
18:05
| APM promedio | 66.2 |
| APM pico | 143 |
| eAPM promedio | 45.7 |
| Aldeanos / militares | 108 / 1077 |
Foco
⚔️ 41.9% · 🌾 58.1%
Spearman ×521 · Militia ×350 · Scorpion ×132 · Trade Cart ×50 · Battering Ram ×44 · Trebuchet (Packed) ×21
Feudal
8:07
Castillos
12:52
Imperial
31:19
| APM promedio | 15.0 |
| APM pico | 78 |
| eAPM promedio | 11.8 |
| Aldeanos / militares | 91 / 141 |
Foco
⚔️ 21.7% · 🌾 78.3%
Coustillier ×126 · Trade Cart ×13 · Bombard Cannon ×7 · Unknown (1260) ×6 · Knight ×4 · Monk ×2
Mapa de la partida
Recursos iniciales + cada clic de construcción. Líneas = muros · curvas = relieve. ◆ oro · ⬟ piedra · ● bayas · ✦ reliquia · ◌ hueco del cierre
Tu base· ✓ Separados por el mapa
Base de dooierick· ✓ Separados por el mapa
Base de diimie· ✓ Separados por el mapa
Base de vice_man· ✓ Separados por el mapa
Base de FueGO· ✓ Separados por el mapa
Base de buyanjavyn· ✓ Separados por el mapa
Base de Jc· ✓ Separados por el mapa
Base de Hazenhof· ✓ Separados por el mapa
Terreno inicial suavizado · ◌ = hueco del cierre detectado · pasá el cursor para detalles
Inputs por minuto
— CastleGoat - - dooierick
Build order — CastleGoat
Primeras 150 de 1230 acciones detectadas
| 0:02 | Crear | Villager (Male) |
| 0:02 | Crear | Villager (Male) |
| 0:02 | Crear | Villager (Male) |
| 0:16 | Construir | House |
| 0:21 | Construir | Mill |
| 0:49 | Construir | Farm |
| 0:53 | Crear | Villager (Male) |
| 1:14 | Construir | Farm |
| 1:48 | Construir | Farm |
| 1:49 | Crear | Villager (Male) |
| 2:17 | Construir | Farm |
| 2:22 | Construir | Farm |
| 2:23 | Crear | Villager (Male) |
| 2:43 | Crear | Villager (Male) |
| 2:55 | Construir | Farm |
| 3:01 | Construir | Farm |
| 3:11 | Construir | House |
| 3:13 | Crear | Villager (Male) |
| 3:13 | Crear | Villager (Male) |
| 3:40 | Crear | Villager (Male) |
| 4:20 | Construir | Farm |
| 4:37 | Crear | Villager (Male) |
| 5:06 | Construir | House |
| 5:16 | Crear | Villager (Male) |
| 5:34 | Crear | Villager (Male) |
| 6:30 | Construir | Lumber Camp |
| 6:50 | Investigar | Feudal Age |
| 7:42 | Edad | Edad Feudal |
| 7:46 | Construir | Market |
| 8:09 | Construir | Blacksmith |
| 8:26 | Investigar | Castle Age |
| 8:51 | Construir | Farm |
| 9:02 | Construir | House |
| 9:07 | Investigar | Double-Bit Axe |
| 9:09 | Investigar | Horse Collar |
| 9:30 | Edad | Edad de los Castillos |
| 9:32 | Construir | House |
| 9:39 | Investigar | Wheelbarrow |
| 9:48 | Investigar | Bow Saw |
| 9:56 | Investigar | Heavy Plow |
| 10:11 | Crear | Villager (Male) |
| 10:11 | Crear | Villager (Male) |
| 10:40 | Construir | Town Center |
| 10:42 | Crear | Villager (Male) |
| 10:43 | Crear | Villager (Male) |
| 10:55 | Construir | House |
| 11:07 | Crear | Villager (Male) |
| 11:07 | Crear | Villager (Male) |
| 11:31 | Construir | Lumber Camp |
| 11:42 | Crear | Villager (Male) |
| 11:42 | Crear | Villager (Male) |
| 11:44 | Investigar | Hand Cart |
| 11:53 | Crear | Villager (Male) |
| 11:53 | Crear | Villager (Male) |
| 11:53 | Crear | Villager (Male) |
| 12:39 | Crear | Villager (Male) |
| 12:40 | Crear | Villager (Male) |
| 12:40 | Crear | Villager (Male) |
| 12:40 | Crear | Villager (Male) |
| 12:41 | Crear | Villager (Male) |
| 12:41 | Crear | Villager (Male) |
| 12:54 | Construir | Farm |
| 13:04 | Crear | Villager (Male) |
| 13:04 | Crear | Villager (Male) |
| 13:31 | Crear | Villager (Male) |
| 13:32 | Crear | Villager (Male) |
| 13:32 | Crear | Villager (Male) |
| 13:33 | Crear | Villager (Male) |
| 14:00 | Crear | Villager (Male) |
| 14:01 | Crear | Villager (Male) |
| 14:01 | Crear | Villager (Male) |
| 14:01 | Crear | Villager (Male) |
| 14:33 | Construir | House |
| 14:37 | Construir | House |
| 15:12 | Construir | Dock |
| 15:19 | Construir | Dock |
| 15:29 | Investigar | Loom |
| 15:30 | Crear | Villager (Male) |
| 15:30 | Crear | Villager (Male) |
| 15:48 | Crear | Fishing Ship |
| 15:48 | Crear | Fishing Ship |
| 15:49 | Crear | Fishing Ship |
| 15:54 | Investigar | Tech 906 |
| 16:03 | Construir | Dock |
| 16:18 | Construir | Dock |
| 16:33 | Construir | Mining Camp |
| 16:42 | Construir | House |
| 16:58 | Construir | Market |
| 17:02 | Construir | Lumber Camp |
| 17:06 | Construir | Lumber Camp |
| 17:28 | Construir | Siege Workshop |
| 17:34 | Construir | Monastery |
| 17:44 | Investigar | Gillnets |
| 17:45 | Crear | Fishing Ship ×5 |
| 18:11 | Investigar | Imperial Age |
| 18:24 | Construir | House |
| 18:28 | Construir | House |
| 18:38 | Construir | House |
| 18:54 | Construir | Fish Trap |
| 19:00 | Construir | House |
| 19:27 | Edad | Edad Imperial |
| 19:41 | Crear | Mangonel |
| 19:42 | Crear | Mangonel |
| 19:59 | Construir | House |
| 20:08 | Construir | Fish Trap |
| 20:13 | Construir | Fish Trap |
| 20:17 | Construir | Fish Trap |
| 20:22 | Construir | Fish Trap |
| 20:25 | Construir | Fish Trap |
| 20:31 | Crear | Fishing Ship ×5 |
| 20:47 | Construir | House |
| 20:57 | Investigar | Onager (upgrade) |
| 21:02 | Crear | Villager (Male) |
| 21:02 | Crear | Villager (Male) |
| 21:02 | Crear | Villager (Male) |
| 21:03 | Crear | Villager (Male) |
| 21:10 | Construir | Castle |
| 21:22 | Construir | Lumber Camp |
| 21:32 | Construir | Town Center |
| 21:38 | Investigar | Town Watch |
| 21:40 | Crear | Villager (Male) |
| 21:40 | Crear | Villager (Male) |
| 21:41 | Crear | Villager (Male) |
| 21:50 | Investigar | Stone Mining |
| 21:53 | Investigar | Two-Man Saw |
| 22:07 | Construir | Fish Trap |
| 22:11 | Construir | Fish Trap |
| 22:15 | Construir | Fish Trap |
| 22:19 | Construir | Fish Trap |
| 22:21 | Construir | Fish Trap |
| 22:24 | Construir | Fish Trap |
| 22:27 | Construir | Fish Trap |
| 23:21 | Construir | Barracks |
| 23:30 | Crear | Villager (Male) |
| 23:30 | Crear | Villager (Male) |
| 23:31 | Crear | Villager (Male) |
| 23:31 | Crear | Villager (Male) |
| 23:31 | Crear | Villager (Male) |
| 23:57 | Construir | Castle |
| 24:00 | Investigar | Pikeman (upgrade) |
| 24:03 | Crear | Spearman ×5 |
| 24:03 | Crear | Spearman ×5 |
| 24:03 | Crear | Spearman ×5 |
| 24:14 | Construir | Barracks |
| 24:38 | Construir | Blacksmith |
| 25:10 | Construir | Lumber Camp |
| 25:14 | Crear | Villager (Male) |
| 25:15 | Crear | Villager (Male) |
| 25:15 | Crear | Villager (Male) |
| 25:15 | Crear | Villager (Male) |
Build order — dooierick
Primeras 150 de 1069 acciones detectadas
| 0:01 | Crear | Villager (Male) ×4 |
| 0:04 | Construir | Mill |
| 0:13 | Construir | House |
| 0:28 | Construir | Farm |
| 0:53 | Construir | Farm |
| 1:31 | Crear | Villager (Male) |
| 1:46 | Construir | Farm |
| 2:00 | Construir | House |
| 2:04 | Crear | Villager (Male) |
| 2:10 | Construir | Farm |
| 2:30 | Crear | Villager (Male) ×2 |
| 2:34 | Construir | Farm |
| 2:57 | Construir | Farm |
| 2:58 | Crear | Villager (Male) ×2 |
| 3:19 | Crear | Villager (Male) |
| 3:32 | Construir | House |
| 3:51 | Construir | Lumber Camp |
| 3:59 | Construir | Farm |
| 4:14 | Crear | Villager (Male) ×5 |
| 4:20 | Construir | Farm |
| 4:31 | Construir | Farm |
| 4:37 | Construir | Farm |
| 5:35 | Construir | Farm |
| 5:43 | Investigar | Feudal Age |
| 6:07 | Construir | Farm |
| 6:18 | Crear | Villager (Male) |
| 6:18 | Crear | Villager (Male) |
| 6:19 | Crear | Villager (Male) |
| 6:24 | Construir | Farm |
| 6:41 | Edad | Edad Feudal |
| 6:42 | Construir | Market |
| 6:44 | Construir | Blacksmith |
| 7:19 | Construir | Farm |
| 7:20 | Investigar | Loom |
| 7:21 | Crear | Villager (Male) |
| 7:25 | Construir | Farm |
| 7:40 | Investigar | Castle Age |
| 8:34 | Construir | Mining Camp |
| 8:44 | Edad | Edad de los Castillos |
| 8:46 | Construir | Town Center |
| 8:49 | Investigar | Wheelbarrow |
| 8:53 | Investigar | Horse Collar |
| 9:04 | Investigar | Double-Bit Axe |
| 9:09 | Crear | Villager (Male) |
| 9:22 | Construir | Farm |
| 9:40 | Investigar | Heavy Plow |
| 9:58 | Crear | Villager (Male) |
| 9:59 | Crear | Villager (Male) |
| 10:04 | Investigar | Hand Cart |
| 10:20 | Construir | Farm |
| 10:24 | Construir | Farm |
| 10:36 | Investigar | Bow Saw |
| 10:59 | Investigar | Town Watch |
| 11:04 | Crear | Villager (Male) |
| 11:04 | Crear | Villager (Male) |
| 11:05 | Crear | Villager (Male) |
| 11:18 | Construir | Town Center |
| 11:42 | Crear | Villager (Male) ×5 |
| 11:43 | Crear | Villager (Male) ×3 |
| 12:11 | Construir | Town Center |
| 12:28 | Construir | House |
| 12:30 | Construir | House |
| 12:38 | Construir | House |
| 12:43 | Crear | Villager (Male) ×5 |
| 12:57 | Crear | Villager (Male) ×3 |
| 13:13 | Construir | Town Center |
| 13:39 | Crear | Villager (Male) ×5 |
| 13:58 | Crear | Villager (Male) ×5 |
| 13:58 | Crear | Villager (Male) |
| 13:58 | Crear | Villager (Male) |
| 14:37 | Construir | Farm |
| 14:40 | Construir | Farm |
| 14:46 | Construir | Farm |
| 14:58 | Construir | House |
| 14:59 | Construir | House |
| 15:07 | Construir | House |
| 15:21 | Crear | Villager (Male) ×5 |
| 15:21 | Crear | Villager (Male) ×5 |
| 15:21 | Crear | Villager (Male) ×5 |
| 15:28 | Construir | Lumber Camp |
| 15:46 | Crear | Villager (Male) ×5 |
| 15:47 | Crear | Villager (Male) ×4 |
| 16:07 | Construir | House |
| 16:08 | Construir | House |
| 16:23 | Construir | Lumber Camp |
| 16:48 | Construir | Farm |
| 17:06 | Construir | Farm |
| 17:15 | Construir | Monastery |
| 17:28 | Construir | Siege Workshop |
| 18:05 | Construir | Market |
| 18:12 | Construir | House |
| 18:14 | Construir | House |
| 18:15 | Construir | House |
| 18:28 | Investigar | Imperial Age |
| 18:37 | Construir | Town Center |
| 18:52 | Crear | Mangonel |
| 18:52 | Crear | Mangonel |
| 18:52 | Crear | Mangonel |
| 18:58 | Construir | Lumber Camp |
| 19:01 | Construir | Lumber Camp |
| 19:10 | Construir | House |
| 19:12 | Construir | House |
| 19:44 | Construir | House |
| 19:44 | Edad | Edad Imperial |
| 19:45 | Construir | House |
| 19:46 | Construir | House |
| 19:46 | Construir | House |
| 19:54 | Investigar | Onager (upgrade) |
| 20:03 | Construir | Lumber Camp |
| 20:11 | Construir | Mill |
| 20:23 | Crear | Villager (Male) ×5 |
| 20:23 | Crear | Villager (Male) ×5 |
| 20:23 | Crear | Villager (Male) ×5 |
| 20:24 | Crear | Villager (Male) ×5 |
| 20:25 | Crear | Villager (Male) ×4 |
| 21:04 | Construir | Town Center |
| 21:15 | Construir | House |
| 21:16 | Construir | House |
| 21:17 | Construir | House |
| 21:18 | Construir | House |
| 21:20 | Construir | House |
| 21:21 | Construir | House |
| 21:28 | Crear | Villager (Male) ×5 |
| 21:29 | Crear | Villager (Male) ×5 |
| 21:29 | Crear | Villager (Male) ×5 |
| 21:29 | Crear | Villager (Male) ×3 |
| 22:26 | Construir | Lumber Camp |
| 22:29 | Construir | Lumber Camp |
| 22:32 | Construir | Lumber Camp |
| 22:35 | Construir | Town Center |
| 22:37 | Construir | Town Center |
| 22:40 | Construir | Town Center |
| 22:59 | Crear | Villager (Male) ×5 |
| 22:59 | Crear | Villager (Male) ×5 |
| 22:59 | Crear | Villager (Male) ×5 |
| 23:00 | Crear | Villager (Male) ×4 |
| 23:07 | Construir | Farm |
| 23:07 | Construir | Farm |
| 23:08 | Construir | Farm |
| 23:08 | Construir | Farm |
| 23:08 | Construir | Farm |
| 23:09 | Construir | Farm |
| 23:09 | Construir | Farm |
| 23:09 | Construir | Farm |
| 23:13 | Construir | Farm |
| 23:17 | Construir | Farm |
| 23:24 | Construir | Farm |
| 23:29 | Construir | Farm |
| 23:32 | Construir | Farm |
| 23:37 | Construir | Lumber Camp |
Build order — diimie
Primeras 150 de 1611 acciones detectadas
| 0:01 | Crear | Villager (Male) |
| 0:01 | Crear | Villager (Male) |
| 0:01 | Crear | Villager (Male) |
| 0:07 | Construir | Mill |
| 0:09 | Construir | House |
| 0:34 | Crear | Villager (Male) |
| 0:44 | Construir | Farm |
| 0:54 | Construir | Farm |
| 1:32 | Crear | Villager (Male) |
| 2:00 | Construir | Lumber Camp |
| 2:07 | Construir | House |
| 2:07 | Crear | Villager (Male) |
| 2:40 | Construir | Farm |
| 2:44 | Construir | Farm |
| 2:44 | Crear | Villager (Male) |
| 3:06 | Crear | Villager (Male) |
| 3:15 | Construir | Farm |
| 3:19 | Crear | Villager (Male) |
| 3:40 | Construir | Farm |
| 4:07 | Crear | Villager (Male) |
| 4:08 | Crear | Villager (Male) |
| 4:14 | Construir | Farm |
| 4:18 | Crear | Villager (Male) |
| 4:18 | Crear | Villager (Male) |
| 4:24 | Crear | Villager (Male) |
| 4:25 | Crear | Villager (Male) |
| 4:35 | Construir | Farm |
| 4:43 | Construir | Farm |
| 4:57 | Construir | House |
| 5:58 | Investigar | Feudal Age |
| 6:00 | Investigar | Double-Bit Axe |
| 6:31 | Crear | Villager (Male) |
| 6:39 | Crear | Villager (Male) |
| 6:40 | Crear | Villager (Male) |
| 7:03 | Edad | Edad Feudal |
| 7:04 | Construir | Market |
| 7:08 | Construir | Blacksmith |
| 7:43 | Construir | Farm |
| 7:58 | Construir | Farm |
| 8:22 | Investigar | Castle Age |
| 8:28 | Investigar | Horse Collar |
| 8:44 | Investigar | Bow Saw |
| 9:04 | Investigar | Heavy Plow |
| 9:26 | Edad | Edad de los Castillos |
| 9:30 | Construir | House |
| 9:33 | Construir | Town Center |
| 9:36 | Construir | Town Center |
| 9:48 | Crear | Villager (Male) |
| 9:50 | Investigar | Wheelbarrow |
| 9:51 | Crear | Villager (Male) |
| 10:09 | Crear | Villager (Male) |
| 10:13 | Crear | Villager (Male) |
| 10:14 | Crear | Villager (Male) |
| 10:18 | Crear | Villager (Male) |
| 10:18 | Crear | Villager (Male) |
| 10:42 | Crear | Villager (Male) |
| 10:46 | Crear | Villager (Male) |
| 10:59 | Investigar | Two-Man Saw |
| 11:12 | Construir | Farm |
| 11:16 | Crear | Villager (Male) |
| 11:25 | Crear | Villager (Male) |
| 11:33 | Crear | Villager (Male) |
| 11:42 | Construir | Farm |
| 11:48 | Crear | Villager (Male) |
| 11:49 | Crear | Villager (Male) |
| 11:53 | Crear | Villager (Male) |
| 12:08 | Crear | Villager (Male) |
| 12:14 | Crear | Villager (Male) |
| 12:14 | Crear | Villager (Male) |
| 12:18 | Construir | House |
| 12:19 | Construir | House |
| 12:28 | Crear | Villager (Male) |
| 12:29 | Crear | Villager (Male) |
| 12:31 | Crear | Villager (Male) |
| 12:36 | Crear | Villager (Male) |
| 12:37 | Crear | Villager (Male) |
| 13:03 | Crear | Villager (Male) |
| 13:04 | Crear | Villager (Male) |
| 13:22 | Crear | Villager (Male) |
| 13:23 | Crear | Villager (Male) |
| 13:48 | Construir | House |
| 13:49 | Construir | House |
| 13:50 | Construir | House |
| 13:51 | Construir | House |
| 13:52 | Crear | Villager (Male) |
| 13:53 | Crear | Villager (Male) |
| 14:09 | Crear | Villager (Male) |
| 14:09 | Crear | Villager (Male) |
| 14:12 | Construir | Farm |
| 14:27 | Crear | Villager (Male) |
| 14:28 | Investigar | Hand Cart |
| 14:52 | Construir | Farm |
| 14:56 | Crear | Villager (Male) |
| 14:58 | Crear | Villager (Male) |
| 15:01 | Construir | Farm |
| 15:38 | Crear | Villager (Male) |
| 15:39 | Crear | Villager (Male) |
| 15:39 | Crear | Villager (Male) |
| 15:39 | Crear | Villager (Male) |
| 15:40 | Crear | Villager (Male) |
| 15:40 | Crear | Villager (Male) |
| 15:46 | Construir | Monastery |
| 15:48 | Construir | Mining Camp |
| 15:49 | Crear | Villager (Male) |
| 15:54 | Construir | Farm |
| 15:58 | Construir | Siege Workshop |
| 16:03 | Construir | Farm |
| 16:06 | Construir | Farm |
| 16:08 | Construir | Market |
| 16:14 | Investigar | Gold Mining |
| 16:17 | Crear | Villager (Male) |
| 16:18 | Crear | Villager (Male) |
| 16:30 | Construir | Lumber Camp |
| 16:33 | Crear | Villager (Male) |
| 16:46 | Construir | Farm |
| 17:00 | Construir | Farm |
| 17:17 | Construir | Farm |
| 17:24 | Investigar | Imperial Age |
| 17:26 | Crear | Mangonel |
| 17:27 | Crear | Mangonel |
| 17:27 | Crear | Mangonel |
| 17:45 | Crear | Villager (Male) |
| 17:47 | Crear | Villager (Male) |
| 17:48 | Crear | Villager (Male) |
| 17:49 | Crear | Villager (Male) |
| 17:49 | Crear | Villager (Male) |
| 17:59 | Construir | Farm |
| 18:05 | Construir | House |
| 18:06 | Construir | House |
| 18:11 | Crear | Villager (Male) |
| 18:18 | Construir | Farm |
| 18:30 | Construir | Lumber Camp |
| 18:40 | Edad | Edad Imperial |
| 18:44 | Investigar | Onager (upgrade) |
| 18:46 | Investigar | Town Watch |
| 18:46 | Investigar | Loom |
| 18:57 | Construir | Farm |
| 19:00 | Construir | Farm |
| 19:05 | Construir | Farm |
| 19:17 | Crear | Villager (Male) |
| 19:18 | Crear | Villager (Male) |
| 19:24 | Construir | Lumber Camp |
| 19:25 | Crear | Villager (Male) |
| 19:26 | Crear | Villager (Male) |
| 19:27 | Crear | Villager (Male) |
| 19:31 | Crear | Villager (Male) |
| 19:43 | Crear | Villager (Male) |
| 19:46 | Construir | Farm |
| 19:47 | Construir | Farm |
| 19:51 | Construir | Farm |
Build order — vice_man
Primeras 150 de 793 acciones detectadas
| 0:07 | Crear | Villager (Male) ×4 |
| 0:14 | Construir | Mill |
| 0:19 | Construir | House |
| 0:32 | Construir | Farm |
| 1:03 | Construir | Farm |
| 1:23 | Construir | Farm |
| 1:44 | Crear | Villager (Male) |
| 2:00 | Crear | Villager (Male) |
| 2:06 | Construir | House |
| 2:17 | Construir | Farm |
| 2:20 | Crear | Villager (Male) |
| 2:44 | Construir | Farm |
| 2:46 | Crear | Villager (Male) |
| 3:08 | Construir | Farm |
| 3:11 | Crear | Villager (Male) ×2 |
| 3:30 | Construir | Farm |
| 3:51 | Construir | House |
| 4:07 | Construir | Farm |
| 4:11 | Crear | Villager (Male) |
| 4:21 | Construir | Farm |
| 4:33 | Crear | Villager (Male) |
| 4:33 | Crear | Villager (Male) |
| 4:36 | Construir | Farm |
| 4:41 | Crear | Villager (Male) |
| 5:01 | Crear | Villager (Male) |
| 5:23 | Construir | Lumber Camp |
| 5:53 | Investigar | Feudal Age |
| 6:23 | Crear | Villager (Male) |
| 6:25 | Crear | Villager (Male) |
| 7:11 | Edad | Edad Feudal |
| 7:14 | Construir | Market |
| 7:20 | Construir | Blacksmith |
| 7:28 | Construir | Farm |
| 7:35 | Investigar | Double-Bit Axe |
| 7:38 | Investigar | Horse Collar |
| 8:01 | Construir | Farm |
| 8:11 | Investigar | Castle Age |
| 8:13 | Construir | Farm |
| 9:15 | Edad | Edad de los Castillos |
| 9:20 | Investigar | Bow Saw |
| 9:22 | Investigar | Wheelbarrow |
| 9:23 | Investigar | Town Watch |
| 9:35 | Construir | Town Center |
| 9:40 | Construir | Town Center |
| 9:50 | Crear | Villager (Male) |
| 9:50 | Crear | Villager (Male) |
| 9:50 | Crear | Villager (Male) |
| 10:04 | Investigar | Heavy Plow |
| 10:14 | Construir | Farm |
| 10:29 | Crear | Villager (Male) ×3 |
| 10:34 | Crear | Villager (Male) |
| 10:42 | Construir | Farm |
| 10:51 | Construir | House |
| 10:58 | Crear | Villager (Male) ×2 |
| 11:00 | Crear | Villager (Male) |
| 11:00 | Crear | Villager (Male) |
| 11:18 | Crear | Villager (Male) ×3 |
| 11:18 | Crear | Villager (Male) |
| 11:35 | Investigar | Hand Cart |
| 11:43 | Crear | Villager (Male) |
| 11:50 | Crear | Villager (Male) |
| 11:52 | Crear | Villager (Male) |
| 12:00 | Crear | Villager (Male) ×2 |
| 12:07 | Construir | House |
| 12:12 | Construir | House |
| 12:24 | Crear | Villager (Male) |
| 12:48 | Crear | Villager (Male) ×5 |
| 12:48 | Crear | Villager (Male) ×2 |
| 13:28 | Construir | Farm |
| 13:48 | Construir | Farm |
| 13:51 | Crear | Villager (Male) ×5 |
| 13:52 | Crear | Villager (Male) ×3 |
| 14:11 | Construir | House |
| 14:15 | Construir | House |
| 14:16 | Construir | House |
| 14:17 | Construir | House |
| 14:21 | Crear | Villager (Male) ×4 |
| 14:30 | Construir | Farm |
| 14:46 | Construir | Market |
| 14:56 | Crear | Villager (Male) ×5 |
| 15:47 | Construir | Siege Workshop |
| 16:00 | Construir | Monastery |
| 16:33 | Investigar | Imperial Age |
| 16:45 | Construir | Farm |
| 16:52 | Construir | Lumber Camp |
| 17:07 | Crear | Mangonel |
| 17:15 | Crear | Mangonel |
| 17:24 | Construir | Farm |
| 17:29 | Construir | Farm |
| 17:49 | Edad | Edad Imperial |
| 17:57 | Crear | Mangonel |
| 18:26 | Investigar | Onager (upgrade) |
| 18:38 | Construir | Farm |
| 18:39 | Construir | Farm |
| 18:40 | Construir | Farm |
| 18:53 | Crear | Villager (Male) ×5 |
| 18:53 | Crear | Villager (Male) ×2 |
| 18:53 | Crear | Villager (Male) ×2 |
| 19:03 | Construir | House |
| 20:17 | Crear | Villager (Male) ×5 |
| 20:17 | Crear | Villager (Male) ×5 |
| 20:17 | Crear | Villager (Male) ×5 |
| 20:18 | Crear | Villager (Male) ×4 |
| 20:24 | Construir | House |
| 20:30 | Construir | House |
| 20:31 | Construir | House |
| 20:38 | Crear | Villager (Male) ×5 |
| 20:44 | Construir | Town Center |
| 21:37 | Construir | Farm |
| 21:37 | Construir | Farm |
| 21:37 | Construir | Farm |
| 21:38 | Construir | Farm |
| 21:38 | Construir | Farm |
| 21:38 | Construir | Farm |
| 21:39 | Construir | Farm |
| 21:39 | Construir | Farm |
| 21:39 | Construir | Farm |
| 21:39 | Construir | Farm |
| 21:40 | Construir | Farm |
| 21:40 | Construir | Farm |
| 21:40 | Construir | Farm |
| 21:40 | Construir | Farm |
| 21:41 | Construir | Farm |
| 21:41 | Construir | Farm |
| 21:41 | Construir | Farm |
| 21:42 | Construir | Farm |
| 21:46 | Crear | Villager (Male) ×5 |
| 21:47 | Crear | Villager (Male) ×5 |
| 21:47 | Crear | Villager (Male) ×5 |
| 21:47 | Crear | Villager (Male) ×5 |
| 21:48 | Crear | Villager (Male) ×5 |
| 21:56 | Construir | Lumber Camp |
| 22:20 | Construir | Lumber Camp |
| 22:30 | Construir | House |
| 22:30 | Construir | House |
| 22:41 | Construir | House |
| 22:42 | Construir | House |
| 22:43 | Construir | House |
| 22:45 | Construir | House |
| 22:47 | Construir | House |
| 22:48 | Construir | House |
| 22:49 | Construir | House |
| 23:27 | Crear | Villager (Male) ×5 |
| 23:28 | Crear | Villager (Male) ×5 |
| 23:28 | Crear | Villager (Male) ×5 |
| 23:28 | Crear | Villager (Male) ×5 |
| 23:29 | Crear | Villager (Male) ×5 |
| 23:29 | Crear | Villager (Male) ×5 |
| 23:47 | Construir | Town Center |
| 23:51 | Construir | Farm |
Build order — FueGO
Primeras 150 de 1255 acciones detectadas
| 0:02 | Crear | Villager (Male) ×4 |
| 0:05 | Construir | Mill |
| 0:06 | Construir | House |
| 0:27 | Construir | Farm |
| 0:46 | Construir | Farm |
| 1:40 | Construir | Farm |
| 1:43 | Crear | Villager (Male) |
| 2:01 | Construir | House |
| 2:13 | Crear | Villager (Male) |
| 2:15 | Crear | Villager (Male) |
| 2:23 | Construir | Lumber Camp |
| 2:44 | Crear | Villager (Male) |
| 2:55 | Construir | Farm |
| 3:09 | Construir | Farm |
| 3:10 | Crear | Villager (Male) |
| 3:16 | Crear | Villager (Male) |
| 3:34 | Construir | Farm |
| 3:35 | Crear | Villager (Male) |
| 3:47 | Crear | Villager (Male) |
| 3:56 | Crear | Villager (Male) |
| 4:01 | Construir | Farm |
| 4:22 | Construir | Farm |
| 4:43 | Construir | House |
| 5:04 | Crear | Villager (Male) |
| 5:09 | Construir | Farm |
| 5:43 | Investigar | Feudal Age |
| 5:44 | Crear | Villager (Male) |
| 5:45 | Crear | Villager (Male) |
| 6:49 | Edad | Edad Feudal |
| 6:51 | Construir | Market |
| 6:54 | Construir | Blacksmith |
| 7:19 | Construir | Farm |
| 7:37 | Investigar | Castle Age |
| 7:50 | Investigar | Horse Collar |
| 8:04 | Construir | House |
| 8:15 | Investigar | Double-Bit Axe |
| 8:37 | Crear | Villager (Male) |
| 8:37 | Crear | Villager (Male) |
| 8:41 | Edad | Edad de los Castillos |
| 8:44 | Construir | Town Center |
| 8:59 | Construir | Town Center |
| 9:14 | Construir | Farm |
| 9:17 | Crear | Villager (Male) |
| 9:25 | Investigar | Bow Saw |
| 9:34 | Investigar | Wheelbarrow |
| 9:38 | Crear | Villager (Male) |
| 9:38 | Crear | Villager (Male) |
| 9:43 | Crear | Villager (Male) |
| 9:50 | Construir | Farm |
| 9:51 | Crear | Villager (Male) |
| 10:00 | Crear | Villager (Male) |
| 10:25 | Crear | Villager (Male) ×3 |
| 10:32 | Crear | Villager (Male) |
| 10:38 | Crear | Villager (Male) |
| 10:48 | Construir | House |
| 10:49 | Construir | House |
| 10:57 | Investigar | Town Watch |
| 10:57 | Crear | Villager (Male) |
| 10:59 | Crear | Villager (Male) |
| 10:59 | Crear | Villager (Male) |
| 11:01 | Construir | Farm |
| 11:10 | Crear | Villager (Male) |
| 11:29 | Crear | Villager (Male) ×2 |
| 11:30 | Crear | Villager (Male) |
| 11:30 | Crear | Villager (Male) |
| 11:51 | Crear | Villager (Male) ×2 |
| 12:04 | Construir | Market |
| 12:15 | Construir | Farm |
| 12:18 | Crear | Villager (Male) ×4 |
| 12:37 | Construir | House |
| 12:39 | Construir | House |
| 12:40 | Construir | House |
| 12:40 | Construir | House |
| 12:42 | Crear | Villager (Male) ×3 |
| 13:24 | Crear | Villager (Male) ×5 |
| 13:27 | Construir | Farm |
| 13:29 | Construir | Farm |
| 14:09 | Investigar | Hand Cart |
| 14:14 | Crear | Villager (Male) |
| 14:17 | Crear | Villager (Male) |
| 14:27 | Crear | Villager (Male) |
| 14:28 | Crear | Villager (Male) |
| 14:30 | Construir | Farm |
| 14:43 | Construir | Farm |
| 15:03 | Construir | Market |
| 15:12 | Construir | Monastery |
| 15:20 | Construir | Siege Workshop |
| 15:29 | Construir | Farm |
| 15:43 | Construir | Farm |
| 15:51 | Crear | Mangonel |
| 15:58 | Construir | House |
| 15:59 | Construir | House |
| 16:08 | Construir | Farm |
| 16:13 | Crear | Mangonel |
| 16:14 | Crear | Mangonel |
| 16:24 | Investigar | Imperial Age |
| 16:38 | Construir | Lumber Camp |
| 16:46 | Construir | Farm |
| 17:35 | Construir | Lumber Camp |
| 17:40 | Edad | Edad Imperial |
| 17:41 | Construir | House |
| 17:42 | Construir | House |
| 17:52 | Investigar | Onager (upgrade) |
| 18:10 | Investigar | Two-Man Saw |
| 18:13 | Investigar | Loom |
| 18:17 | Construir | Farm |
| 18:43 | Crear | Villager (Male) ×5 |
| 18:43 | Crear | Villager (Male) |
| 19:20 | Crear | Villager (Male) ×5 |
| 19:20 | Crear | Villager (Male) ×5 |
| 19:20 | Crear | Villager (Male) ×5 |
| 19:22 | Construir | House |
| 19:23 | Construir | House |
| 19:24 | Construir | House |
| 19:25 | Construir | Farm |
| 19:27 | Construir | Farm |
| 19:33 | Construir | Farm |
| 19:38 | Crear | Villager (Male) ×5 |
| 20:00 | Construir | House |
| 20:01 | Construir | Lumber Camp |
| 20:02 | Construir | House |
| 20:05 | Construir | Farm |
| 20:06 | Construir | Farm |
| 20:16 | Construir | Farm |
| 20:17 | Construir | Farm |
| 20:19 | Construir | Farm |
| 20:21 | Construir | Lumber Camp |
| 20:26 | Construir | Farm |
| 20:29 | Construir | Farm |
| 20:32 | Construir | Farm |
| 20:35 | Construir | Farm |
| 20:48 | Construir | Farm |
| 20:50 | Construir | Farm |
| 20:53 | Construir | Farm |
| 21:04 | Construir | Town Center |
| 21:21 | Construir | Dock |
| 21:27 | Construir | Dock |
| 21:33 | Construir | Dock |
| 21:35 | Construir | Dock |
| 21:38 | Construir | Lumber Camp |
| 21:44 | Construir | Farm |
| 21:46 | Construir | Farm |
| 21:49 | Construir | Farm |
| 21:57 | Crear | Villager (Male) ×5 |
| 21:57 | Crear | Villager (Male) ×5 |
| 21:57 | Crear | Villager (Male) ×5 |
| 21:58 | Crear | Villager (Male) ×5 |
| 22:16 | Crear | Villager (Male) ×5 |
| 22:16 | Crear | Villager (Male) ×5 |
| 22:21 | Construir | University |
Build order — buyanjavyn
Primeras 150 de 1399 acciones detectadas
| 0:01 | Crear | Villager (Male) ×4 |
| 0:01 | Crear | Villager (Male) ×4 |
| 0:08 | Construir | House |
| 0:09 | Construir | Mill |
| 0:39 | Construir | Farm |
| 0:44 | Construir | Farm |
| 1:10 | Construir | Farm |
| 1:30 | Construir | House |
| 1:35 | Crear | Villager (Male) |
| 1:36 | Crear | Villager (Male) |
| 1:36 | Crear | Villager (Male) |
| 1:39 | Construir | House |
| 1:56 | Crear | Villager (Male) |
| 1:56 | Crear | Villager (Male) |
| 1:56 | Crear | Villager (Male) |
| 2:27 | Construir | Lumber Camp |
| 2:29 | Crear | Villager (Male) ×2 |
| 2:29 | Crear | Villager (Male) ×2 |
| 2:30 | Crear | Villager (Male) ×2 |
| 2:52 | Crear | Villager (Male) |
| 2:52 | Crear | Villager (Male) |
| 2:56 | Construir | Farm |
| 3:06 | Construir | Farm |
| 3:16 | Construir | Farm |
| 3:24 | Crear | Villager (Male) ×2 |
| 3:24 | Crear | Villager (Male) ×2 |
| 3:35 | Construir | Farm |
| 4:27 | Crear | Villager (Male) |
| 4:27 | Crear | Villager (Male) |
| 5:06 | Crear | Villager (Male) |
| 5:08 | Crear | Villager (Male) |
| 5:48 | Investigar | Feudal Age |
| 6:23 | Construir | Lumber Camp |
| 6:43 | Crear | Villager (Male) |
| 6:44 | Crear | Villager (Male) |
| 6:48 | Construir | Farm |
| 7:05 | Edad | Edad Feudal |
| 7:10 | Construir | Farm |
| 7:12 | Construir | Market |
| 7:14 | Construir | Blacksmith |
| 8:00 | Investigar | Castle Age |
| 8:34 | Construir | House |
| 8:43 | Construir | House |
| 8:44 | Investigar | Double-Bit Axe |
| 8:47 | Investigar | Town Watch |
| 8:56 | Construir | House |
| 8:57 | Construir | House |
| 9:04 | Edad | Edad de los Castillos |
| 9:07 | Investigar | Horse Collar |
| 9:14 | Investigar | Bow Saw |
| 9:14 | Investigar | Bow Saw |
| 9:24 | Crear | Villager (Male) |
| 9:25 | Crear | Villager (Male) |
| 9:25 | Crear | Villager (Male) |
| 9:32 | Crear | Villager (Male) |
| 9:32 | Crear | Villager (Male) |
| 9:34 | Construir | Town Center |
| 10:05 | Investigar | Heavy Plow |
| 10:06 | Crear | Villager (Male) |
| 10:06 | Crear | Villager (Male) |
| 10:06 | Crear | Villager (Male) |
| 10:18 | Crear | Villager (Male) |
| 10:18 | Crear | Villager (Male) |
| 10:18 | Crear | Villager (Male) |
| 10:25 | Construir | House |
| 10:29 | Crear | Villager (Male) |
| 10:30 | Crear | Villager (Male) |
| 10:30 | Crear | Villager (Male) |
| 10:36 | Construir | Lumber Camp |
| 10:48 | Crear | Villager (Male) ×2 |
| 10:48 | Crear | Villager (Male) ×2 |
| 10:48 | Crear | Villager (Male) ×2 |
| 10:48 | Crear | Villager (Male) ×2 |
| 10:51 | Construir | Farm |
| 11:16 | Crear | Villager (Male) ×2 |
| 11:16 | Crear | Villager (Male) ×2 |
| 11:16 | Crear | Villager (Male) ×2 |
| 11:26 | Crear | Villager (Male) |
| 11:26 | Crear | Villager (Male) |
| 11:26 | Crear | Villager (Male) |
| 11:51 | Investigar | Wheelbarrow |
| 12:12 | Crear | Villager (Male) |
| 12:12 | Crear | Villager (Male) |
| 12:13 | Crear | Villager (Male) |
| 12:26 | Crear | Villager (Male) ×3 |
| 12:27 | Crear | Villager (Male) ×3 |
| 12:34 | Construir | Town Center |
| 13:05 | Crear | Villager (Male) ×5 |
| 13:05 | Crear | Villager (Male) ×5 |
| 13:05 | Crear | Villager (Male) ×5 |
| 13:22 | Construir | Lumber Camp |
| 13:30 | Crear | Villager (Male) ×2 |
| 13:31 | Crear | Villager (Male) ×2 |
| 13:31 | Crear | Villager (Male) ×2 |
| 13:44 | Crear | Villager (Male) |
| 13:45 | Crear | Villager (Male) |
| 13:56 | Crear | Villager (Male) ×2 |
| 13:56 | Crear | Villager (Male) ×2 |
| 13:56 | Crear | Villager (Male) ×2 |
| 14:10 | Crear | Villager (Male) ×2 |
| 14:11 | Crear | Villager (Male) ×2 |
| 14:39 | Crear | Villager (Male) ×4 |
| 14:39 | Crear | Villager (Male) ×4 |
| 14:40 | Crear | Villager (Male) ×4 |
| 15:03 | Crear | Villager (Male) ×2 |
| 15:03 | Crear | Villager (Male) ×2 |
| 15:04 | Crear | Villager (Male) ×2 |
| 15:25 | Construir | Lumber Camp |
| 15:31 | Construir | Farm |
| 15:34 | Crear | Villager (Male) ×4 |
| 15:34 | Crear | Villager (Male) ×4 |
| 15:34 | Crear | Villager (Male) ×4 |
| 15:36 | Construir | Farm |
| 15:58 | Construir | Town Center |
| 16:07 | Construir | Lumber Camp |
| 16:23 | Construir | House |
| 16:24 | Construir | House |
| 16:28 | Construir | Farm |
| 16:31 | Construir | Farm |
| 16:33 | Crear | Villager (Male) ×5 |
| 16:45 | Crear | Villager (Male) ×5 |
| 17:16 | Crear | Villager (Male) ×5 |
| 17:21 | Construir | House |
| 17:25 | Construir | House |
| 17:29 | Construir | House |
| 17:30 | Construir | House |
| 17:35 | Investigar | Hand Cart |
| 17:39 | Crear | Villager (Male) ×4 |
| 17:54 | Construir | Farm |
| 18:01 | Crear | Villager (Male) ×5 |
| 18:02 | Crear | Villager (Male) ×5 |
| 18:02 | Crear | Villager (Male) |
| 18:08 | Construir | Farm |
| 18:17 | Construir | House |
| 18:18 | Construir | House |
| 18:23 | Construir | House |
| 18:30 | Crear | Villager (Male) ×4 |
| 18:31 | Crear | Villager (Male) ×4 |
| 18:36 | Construir | Farm |
| 18:39 | Construir | Farm |
| 18:47 | Construir | Farm |
| 18:51 | Construir | Farm |
| 19:02 | Construir | Lumber Camp |
| 19:16 | Construir | Farm |
| 19:23 | Construir | Farm |
| 19:25 | Crear | Villager (Male) ×5 |
| 19:26 | Crear | Villager (Male) ×5 |
| 19:26 | Crear | Villager (Male) ×5 |
| 19:26 | Crear | Villager (Male) ×5 |
| 19:27 | Crear | Villager (Male) ×5 |
Build order — Jc
Primeras 150 de 1571 acciones detectadas
| 0:16 | Crear | Villager (Male) |
| 0:20 | Construir | House |
| 0:23 | Construir | Lumber Camp |
| 0:27 | Crear | Villager (Male) |
| 0:56 | Crear | Villager (Male) |
| 1:21 | Construir | Mill |
| 1:27 | Crear | Villager (Male) |
| 1:27 | Crear | Villager (Male) |
| 1:38 | Construir | House |
| 1:51 | Construir | Farm |
| 2:01 | Construir | Farm |
| 2:23 | Construir | Farm |
| 2:23 | Construir | Farm |
| 2:34 | Crear | Villager (Male) |
| 2:43 | Construir | Farm |
| 3:00 | Crear | Villager (Male) |
| 3:00 | Crear | Villager (Male) |
| 3:04 | Construir | Farm |
| 3:23 | Crear | Villager (Male) |
| 3:24 | Crear | Villager (Male) |
| 3:24 | Crear | Villager (Male) |
| 3:29 | Construir | Farm |
| 3:50 | Crear | Villager (Male) |
| 3:50 | Crear | Villager (Male) |
| 3:53 | Construir | Farm |
| 4:00 | Crear | Villager (Male) |
| 4:00 | Crear | Villager (Male) |
| 4:18 | Construir | Farm |
| 4:19 | Crear | Villager (Male) |
| 4:34 | Crear | Villager (Male) |
| 4:55 | Construir | Lumber Camp |
| 4:59 | Crear | Villager (Male) |
| 5:21 | Construir | Farm |
| 5:32 | Investigar | Feudal Age |
| 5:33 | Investigar | Feudal Age |
| 5:35 | Construir | Farm |
| 6:24 | Edad | Edad Feudal |
| 6:26 | Crear | Villager (Male) |
| 6:28 | Crear | Villager (Male) |
| 6:47 | Investigar | Wheelbarrow |
| 6:50 | Investigar | Double-Bit Axe |
| 6:56 | Construir | House |
| 6:58 | Construir | House |
| 7:21 | Crear | Villager (Male) |
| 7:36 | Crear | Villager (Male) |
| 7:54 | Crear | Villager (Male) |
| 8:01 | Construir | Market |
| 8:14 | Construir | Blacksmith |
| 8:39 | Investigar | Castle Age |
| 8:40 | Investigar | Castle Age |
| 8:52 | Construir | Farm |
| 9:02 | Construir | Farm |
| 9:09 | Crear | Villager (Male) |
| 9:09 | Crear | Villager (Male) |
| 9:43 | Edad | Edad de los Castillos |
| 9:52 | Investigar | Town Watch |
| 9:53 | Investigar | Hand Cart |
| 9:57 | Investigar | Double-Bit Axe |
| 9:57 | Investigar | Double-Bit Axe |
| 10:20 | Investigar | Bow Saw |
| 10:21 | Investigar | Bow Saw |
| 10:52 | Crear | Villager (Male) |
| 10:52 | Crear | Villager (Male) |
| 11:10 | Construir | Town Center |
| 11:27 | Crear | Villager (Male) |
| 11:34 | Crear | Villager (Male) |
| 11:35 | Crear | Villager (Male) |
| 11:35 | Crear | Villager (Male) |
| 11:37 | Crear | Villager (Male) |
| 11:58 | Crear | Villager (Male) |
| 12:08 | Construir | Farm |
| 12:15 | Crear | Villager (Male) |
| 12:49 | Construir | House |
| 12:51 | Construir | House |
| 12:58 | Crear | Villager (Male) |
| 12:58 | Crear | Villager (Male) |
| 13:10 | Crear | Villager (Male) |
| 13:12 | Crear | Villager (Male) |
| 13:46 | Crear | Villager (Male) |
| 13:48 | Crear | Villager (Male) |
| 13:48 | Crear | Villager (Male) |
| 13:49 | Crear | Villager (Male) |
| 13:50 | Crear | Villager (Male) |
| 13:52 | Crear | Villager (Male) |
| 13:52 | Crear | Villager (Male) |
| 14:36 | Construir | Lumber Camp |
| 15:37 | Construir | Monastery |
| 15:54 | Construir | Siege Workshop |
| 16:18 | Construir | Market |
| 16:49 | Investigar | Imperial Age |
| 17:01 | Crear | Mangonel |
| 17:01 | Crear | Mangonel |
| 17:19 | Construir | Town Center |
| 17:56 | Construir | House |
| 17:57 | Construir | House |
| 18:00 | Construir | House |
| 18:01 | Construir | House |
| 18:02 | Construir | House |
| 18:05 | Construir | House |
| 18:05 | Edad | Edad Imperial |
| 18:18 | Construir | Mining Camp |
| 18:53 | Construir | Lumber Camp |
| 19:01 | Construir | Siege Workshop |
| 19:11 | Investigar | Onager (upgrade) |
| 19:13 | Crear | Mangonel |
| 19:13 | Crear | Mangonel |
| 19:13 | Crear | Mangonel |
| 19:18 | Crear | Mangonel |
| 19:18 | Crear | Mangonel |
| 19:22 | Crear | Villager (Male) |
| 19:23 | Crear | Villager (Male) |
| 19:23 | Crear | Villager (Male) |
| 19:29 | Investigar | Gold Mining |
| 19:30 | Investigar | Gold Mining |
| 19:33 | Investigar | Stone Mining |
| 19:53 | Construir | House |
| 20:01 | Crear | Villager (Male) |
| 20:54 | Investigar | Heavy Scorpion (upgrade) |
| 20:54 | Investigar | Heavy Scorpion (upgrade) |
| 20:54 | Investigar | Heavy Scorpion (upgrade) |
| 21:13 | Investigar | Loom |
| 22:55 | Investigar | Gold Shaft Mining |
| 23:10 | Construir | Farm |
| 23:12 | Construir | Farm |
| 23:12 | Construir | Farm |
| 23:14 | Construir | Farm |
| 23:15 | Construir | Farm |
| 23:34 | Construir | House |
| 23:36 | Construir | House |
| 23:37 | Construir | House |
| 23:39 | Construir | House |
| 23:40 | Construir | House |
| 23:44 | Construir | House |
| 23:57 | Crear | Villager (Male) |
| 23:57 | Crear | Villager (Male) |
| 23:58 | Crear | Villager (Male) |
| 23:58 | Crear | Villager (Male) |
| 24:05 | Construir | Farm |
| 24:05 | Construir | Farm |
| 24:26 | Construir | Farm |
| 24:27 | Construir | Farm |
| 24:34 | Construir | Farm |
| 24:39 | Construir | House |
| 24:42 | Construir | House |
| 24:43 | Construir | House |
| 24:44 | Construir | House |
| 24:45 | Construir | House |
| 24:46 | Construir | House |
| 24:48 | Construir | House |
| 25:04 | Crear | Villager (Male) |
Build order — Hazenhof
Primeras 150 de 306 acciones detectadas
| 0:06 | Crear | Villager (Male) |
| 0:07 | Crear | Villager (Male) |
| 0:07 | Crear | Villager (Male) |
| 0:08 | Crear | Villager (Male) |
| 0:28 | Construir | House |
| 1:23 | Construir | Mill |
| 1:45 | Construir | Farm |
| 1:51 | Construir | Farm |
| 1:56 | Construir | Farm |
| 1:57 | Construir | Farm |
| 2:31 | Construir | Farm |
| 3:03 | Crear | Villager (Male) |
| 3:04 | Crear | Villager (Male) |
| 3:19 | Construir | House |
| 3:56 | Crear | Villager (Male) |
| 3:57 | Crear | Villager (Male) |
| 4:03 | Construir | Farm |
| 4:07 | Crear | Villager (Male) |
| 4:30 | Crear | Villager (Male) |
| 4:35 | Investigar | Wheelbarrow |
| 4:52 | Crear | Villager (Male) |
| 4:53 | Crear | Villager (Male) |
| 5:06 | Construir | House |
| 5:14 | Crear | Villager (Male) |
| 5:23 | Crear | Villager (Male) |
| 5:57 | Crear | Villager (Male) |
| 6:05 | Crear | Villager (Male) |
| 6:34 | Crear | Villager (Male) |
| 6:58 | Construir | Lumber Camp |
| 7:15 | Investigar | Feudal Age |
| 7:17 | Investigar | Double-Bit Axe |
| 7:20 | Investigar | Horse Collar |
| 7:55 | Crear | Villager (Male) |
| 8:07 | Edad | Edad Feudal |
| 8:09 | Investigar | Hand Cart |
| 8:10 | Crear | Villager (Male) |
| 8:51 | Crear | Villager (Male) |
| 8:52 | Investigar | Heavy Plow |
| 8:54 | Investigar | Bow Saw |
| 8:59 | Crear | Villager (Male) |
| 8:59 | Crear | Villager (Male) |
| 9:26 | Crear | Villager (Male) |
| 10:30 | Construir | Market |
| 10:50 | Construir | Blacksmith |
| 11:28 | Construir | Mill |
| 11:48 | Investigar | Castle Age |
| 12:23 | Investigar | Town Watch |
| 12:52 | Edad | Edad de los Castillos |
| 12:58 | Construir | House |
| 13:08 | Construir | Town Center |
| 13:16 | Investigar | Town Patrol |
| 13:29 | Investigar | Crop Rotation |
| 13:56 | Crear | Villager (Male) |
| 13:56 | Crear | Villager (Male) |
| 13:57 | Crear | Villager (Male) |
| 13:57 | Crear | Villager (Male) |
| 14:30 | Construir | Farm |
| 14:31 | Crear | Villager (Male) |
| 14:32 | Crear | Villager (Male) |
| 14:32 | Crear | Villager (Male) |
| 14:33 | Crear | Villager (Male) |
| 14:39 | Construir | Farm |
| 14:40 | Construir | Farm |
| 14:41 | Construir | Farm |
| 14:41 | Construir | Farm |
| 15:00 | Construir | Farm |
| 15:09 | Construir | Lumber Camp |
| 15:54 | Investigar | Two-Man Saw |
| 16:40 | Crear | Villager (Male) |
| 16:41 | Crear | Villager (Male) |
| 16:41 | Crear | Villager (Male) |
| 16:42 | Crear | Villager (Male) |
| 16:42 | Crear | Villager (Male) |
| 16:42 | Crear | Villager (Male) |
| 16:43 | Crear | Villager (Male) |
| 16:43 | Crear | Villager (Male) |
| 16:48 | Construir | House |
| 16:58 | Crear | Villager (Male) |
| 16:58 | Crear | Villager (Male) |
| 16:59 | Crear | Villager (Male) |
| 16:59 | Crear | Villager (Male) |
| 17:04 | Crear | Villager (Male) |
| 17:44 | Construir | Town Center |
| 18:33 | Construir | Lumber Camp |
| 18:51 | Crear | Villager (Male) |
| 18:52 | Crear | Villager (Male) |
| 18:52 | Crear | Villager (Male) |
| 18:52 | Crear | Villager (Male) |
| 18:53 | Crear | Villager (Male) |
| 18:53 | Crear | Villager (Male) |
| 18:53 | Crear | Villager (Male) |
| 18:54 | Crear | Villager (Male) |
| 18:54 | Crear | Villager (Male) |
| 19:20 | Construir | House |
| 19:29 | Construir | House |
| 19:30 | Construir | House |
| 19:32 | Construir | House |
| 19:50 | Crear | Villager (Male) |
| 19:50 | Crear | Villager (Male) |
| 19:51 | Crear | Villager (Male) |
| 19:51 | Crear | Villager (Male) |
| 20:13 | Construir | Mining Camp |
| 20:24 | Construir | Mining Camp |
| 20:38 | Construir | Siege Workshop |
| 20:44 | Investigar | Stone Mining |
| 20:50 | Crear | Villager (Male) |
| 20:51 | Crear | Villager (Male) |
| 20:52 | Crear | Villager (Male) |
| 21:27 | Construir | Mining Camp |
| 21:32 | Investigar | Stone Shaft Mining |
| 22:14 | Crear | Mangonel |
| 22:31 | Construir | Farm |
| 22:34 | Construir | Farm |
| 22:38 | Construir | Farm |
| 22:42 | Construir | Farm |
| 22:47 | Construir | Farm |
| 22:53 | Construir | Farm |
| 22:56 | Construir | Farm |
| 23:34 | Construir | Mining Camp |
| 23:39 | Construir | Lumber Camp |
| 24:03 | Construir | University |
| 24:09 | Crear | Villager (Male) |
| 24:09 | Crear | Villager (Male) |
| 24:09 | Crear | Villager (Male) |
| 24:10 | Crear | Villager (Male) |
| 24:12 | Crear | Villager (Male) |
| 24:12 | Crear | Villager (Male) |
| 24:30 | Construir | Mill |
| 24:54 | Construir | Farm |
| 24:59 | Crear | Villager (Male) |
| 24:59 | Crear | Villager (Male) |
| 25:00 | Crear | Villager (Male) |
| 25:00 | Crear | Villager (Male) |
| 25:02 | Crear | Villager (Male) |
| 25:02 | Crear | Villager (Male) |
| 25:03 | Crear | Villager (Male) |
| 25:03 | Crear | Villager (Male) |
| 25:03 | Crear | Villager (Male) |
| 25:03 | Crear | Villager (Male) |
| 25:04 | Crear | Villager (Male) |
| 25:15 | Construir | Mining Camp |
| 26:03 | Investigar | Ballistics |
| 26:07 | Investigar | Murder Holes |
| 26:17 | Construir | Lumber Camp |
| 26:21 | Construir | Farm |
| 26:21 | Construir | Farm |
| 26:48 | Construir | House |
| 26:50 | Construir | House |
| 26:54 | Construir | House |
| 26:55 | Construir | House |
Cronología de la partida
| 6:24 | Jc · age_up feudal |
| 6:41 | dooierick · age_up feudal |
| 6:49 | FueGO · age_up feudal |
| 7:03 | diimie · age_up feudal |
| 7:05 | buyanjavyn · age_up feudal |
| 7:08 | dooierick · first_market_sell 100 wood |
| 7:11 | vice_man · age_up feudal |
| 7:25 | FueGO · first_market_sell 500 wood |
| 7:31 | diimie · first_market_sell 100 wood |
| 7:38 | buyanjavyn · first_market_sell 500 wood |
| 7:40 | buyanjavyn · first_market_buy 100 food |
| 7:42 | CastleGoat · age_up feudal |
| 7:43 | vice_man · first_market_sell 100 wood |
| 8:07 | Hazenhof · age_up feudal |
| 8:21 | CastleGoat · first_market_sell 100 food |
| 8:35 | Jc · first_market_sell 100 wood |
| 8:41 | FueGO · age_up castle |
| 8:44 | dooierick · age_up castle |
| 9:04 | buyanjavyn · age_up castle |
| 9:15 | vice_man · age_up castle |
| 9:26 | diimie · age_up castle |
| 9:30 | CastleGoat · age_up castle |
| 9:43 | Jc · age_up castle |
| 11:45 | Hazenhof · first_market_sell 100 wood |
| 12:52 | Hazenhof · age_up castle |
| 15:12 | CastleGoat · first_building Dock |
| 15:12 | FueGO · first_building Monastery |
| 15:20 | FueGO · first_building Siege Workshop |
| 15:37 | Jc · first_building Monastery |
| 15:46 | diimie · first_building Monastery |
| 15:47 | vice_man · first_building Siege Workshop |
| 15:54 | Jc · first_building Siege Workshop |
| 15:58 | diimie · first_building Siege Workshop |
| 16:00 | vice_man · first_building Monastery |
| 17:15 | dooierick · first_building Monastery |
| 17:28 | CastleGoat · first_building Siege Workshop |
| 17:28 | dooierick · first_building Siege Workshop |
| 17:34 | CastleGoat · first_building Monastery |
| 17:40 | FueGO · age_up imperial |
| 17:49 | vice_man · age_up imperial |
| 18:05 | Jc · age_up imperial |
| 18:40 | diimie · age_up imperial |
| 19:13 | vice_man · first_market_buy 100 stone |
| 19:27 | CastleGoat · age_up imperial |
| 19:44 | dooierick · age_up imperial |
| 20:38 | Hazenhof · first_building Siege Workshop |
| 21:01 | FueGO · first_market_buy 100 stone |
| 21:10 | CastleGoat · first_building Castle |
| 21:16 | Hazenhof · first_market_buy 100 food |
| 21:21 | FueGO · first_building Dock |
| 21:45 | buyanjavyn · first_building Siege Workshop |
| 22:01 | buyanjavyn · first_building Monastery |
| 22:27 | diimie · first_market_buy 100 stone |
| 22:48 | FueGO · first_building Barracks |
| 22:49 | diimie · first_building Barracks |
| 23:21 | CastleGoat · first_building Barracks |
| 23:37 | buyanjavyn · age_up imperial |
| 25:05 | vice_man · first_building Barracks |
| 26:15 | diimie · first_building Archery Range |
| 27:31 | Hazenhof · first_building Monastery |
| 27:57 | dooierick · first_building Barracks |
| 27:59 | diimie · first_building Castle |
| 28:13 | buyanjavyn · first_building Barracks |
| 28:32 | FueGO · first_building Stable |
| 28:37 | FueGO · first_building Archery Range |
| 29:03 | vice_man · first_building Archery Range |
| 29:09 | vice_man · first_building Stable |
| 29:58 | buyanjavyn · first_building Stable |
| 30:48 | dooierick · first_building Archery Range |
| 30:53 | dooierick · first_building Stable |
| 31:19 | Hazenhof · age_up imperial |
| 31:22 | Jc · first_building Castle |
| 31:47 | buyanjavyn · first_building Castle |
| 33:38 | CastleGoat · first_building Stable |
| 34:23 | Hazenhof · first_building Castle |
| 34:47 | dooierick · first_building Castle |
| 35:59 | FueGO · first_building Castle |
| 36:19 | diimie · first_building Stable |
| 36:20 | vice_man · first_building Castle |
| 36:41 | Jc · first_building Barracks |
| 37:45 | Hazenhof · first_building Barracks |
| 39:53 | Hazenhof · first_building Stable |
| 44:10 | buyanjavyn · first_building Archery Range |
| 46:13 | dooierick · tribute_sent a jugador 2 |
| 46:13 | dooierick · tribute_sent a jugador 3 |
| 46:13 | dooierick · tribute_sent a jugador 4 |
| 46:13 | dooierick · tribute_sent a jugador 5 |
| 46:13 | dooierick · tribute_sent a jugador 6 |
| 46:13 | dooierick · tribute_sent a jugador 7 |
| 46:13 | dooierick · tribute_sent a jugador 8 |
| 46:16 | buyanjavyn · tribute_sent a jugador 1 |
| 46:16 | buyanjavyn · tribute_sent a jugador 2 |
| 46:16 | buyanjavyn · tribute_sent a jugador 3 |
| 46:16 | buyanjavyn · tribute_sent a jugador 4 |
| 46:16 | buyanjavyn · tribute_sent a jugador 5 |
| 46:16 | buyanjavyn · tribute_sent a jugador 7 |
| 46:16 | buyanjavyn · tribute_sent a jugador 8 |
| 49:18 | diimie · tribute_sent a jugador 1 |
| 49:18 | diimie · tribute_sent a jugador 3 |
| 49:18 | diimie · tribute_sent a jugador 4 |
| 49:18 | diimie · tribute_sent a jugador 5 |
| 49:18 | diimie · tribute_sent a jugador 6 |
| 49:18 | diimie · tribute_sent a jugador 7 |
| 49:18 | diimie · tribute_sent a jugador 8 |
| 53:52 | Hazenhof · tribute_sent a jugador 1 |
| 53:52 | Hazenhof · tribute_sent a jugador 2 |
| 53:52 | Hazenhof · tribute_sent a jugador 3 |
| 53:52 | Hazenhof · tribute_sent a jugador 4 |
| 53:52 | Hazenhof · tribute_sent a jugador 5 |
| 53:52 | Hazenhof · tribute_sent a jugador 6 |
| 53:52 | Hazenhof · tribute_sent a jugador 7 |
| 57:36 | dooierick · tribute_sent a jugador 2 |
| 57:36 | dooierick · tribute_sent a jugador 3 |
| 57:36 | dooierick · tribute_sent a jugador 4 |
| 57:36 | dooierick · tribute_sent a jugador 5 |
| 57:36 | dooierick · tribute_sent a jugador 6 |
| 57:36 | dooierick · tribute_sent a jugador 7 |
| 57:36 | dooierick · tribute_sent a jugador 8 |
| 61:12 | Jc · first_building Archery Range |
| 61:14 | Jc · first_building Stable |
| 62:13 | diimie · wall_segment Stone Wall x12 |
| 62:16 | dooierick · first_building Dock |
| 62:35 | diimie · tribute_sent a jugador 1 |
| 62:35 | diimie · tribute_sent a jugador 3 |
| 62:35 | diimie · tribute_sent a jugador 4 |
| 62:35 | diimie · tribute_sent a jugador 5 |
| 62:35 | diimie · tribute_sent a jugador 6 |
| 62:35 | diimie · tribute_sent a jugador 7 |
| 62:35 | diimie · tribute_sent a jugador 8 |
| 63:40 | dooierick · tribute_sent a jugador 2 |
| 63:40 | dooierick · tribute_sent a jugador 3 |
| 63:40 | dooierick · tribute_sent a jugador 4 |
| 63:40 | dooierick · tribute_sent a jugador 5 |
| 63:40 | dooierick · tribute_sent a jugador 6 |
| 63:40 | dooierick · tribute_sent a jugador 7 |
| 63:40 | dooierick · tribute_sent a jugador 8 |
| 64:27 | dooierick · tribute_sent a jugador 2 |
| 64:27 | dooierick · tribute_sent a jugador 3 |
| 64:27 | dooierick · tribute_sent a jugador 4 |
| 64:27 | dooierick · tribute_sent a jugador 5 |
| 64:27 | dooierick · tribute_sent a jugador 6 |
| 64:27 | dooierick · tribute_sent a jugador 7 |
| 64:27 | dooierick · tribute_sent a jugador 8 |
| 66:23 | diimie · wall_segment Stone Wall x11 |
| 66:27 | diimie · wall_segment Stone Wall x5 |
| 67:30 | diimie · wall_segment Stone Wall x5 |
| 74:30 | dooierick · resign |
| 75:08 | diimie · first_building Dock |
[ ANÁLISIS IA · 1 CRÉDITO ]
¿Qué pasó realmente en esta partida?
Wolo.gg analiza cada decisión: build order, eco, micro, errores típicos por bracket. Análisis personalizado por WhatsApp o Discord en 30 segundos.
Guía civ
Bengalíes
Perfil
Jugador #443999